 Dungeon Crawl Stone Soup version 0.29.1-15-g9cfb28693d (webtiles) character file.

Game seed: 8910472583101701052

2918 KamiKatze the Cleaver (level 9, -1/118 HPs)
             Began as a Minotaur Berserker on Mar 18, 2023.
             Was a Priest of Trog.
             Slain by a wight
             ... wielding a +0 short sword
              (3 damage)
             ... on level 7 of the Dungeon.
             The game lasted 00:21:32 (4931 turns).

KamiKatze the Cleaver (Minotaur Berserker)          Turns: 4931, Time: 00:21:33

Health: -1/118     AC:  8    Str: 31    XL:     9   Next: 50%
Magic:  8/8        EV: 12    Int:  4    God:    Trog [***...]
Gold:   562        SH:  0    Dex: 11    Spells: 8/8 levels left

rFire   . . .      SeeInvis .   a - +1 hand axe
rCold   . . .      Faith    .   (no shield)
rNeg    . . .      Spirit   .   n - +0 scale mail
rPois   .          Reflect  .   (helmet restricted)
rElec   .          Harm     .   (no cloak)
rCorr   .          Rampage  .   s - +0 pair of gloves
Will    .....                   (no boots)
Stlth   ..........              (no amulet)
HPRegen 0.29/turn               p - +6 ring of strength
MPRegen 0.11/turn               (no ring)

@: berserking (expiring), very quick
A: horns 2, retaliatory headbutt
a: Renounce Religion, Berserk, Trog's Hand


You were on level 7 of the Dungeon.
You worshipped Trog.
Trog was most pleased with you.
You visited 2 branches of the dungeon, and saw 8 of its levels.
You also visited: Sewer and Ossuary.

You collected 562 gold pieces.

Inventory:

Hand Weapons
 a - a +1 hand axe (weapon)
 f - a +0 flail
Missiles
 o - 8 poisoned darts (quivered)
Armour
 n - a +0 scale mail (worn)
 r - a +0 plate armour
 s - a +0 pair of gloves (worn)
Jewellery
 p - a +6 ring of strength (left hand)
Wands
 v - a wand of mindburst (40)
 x - a wand of charming (8)
Scrolls
 d - a scroll of vulnerability
 e - 5 scrolls of teleportation
 g - 2 scrolls of poison
 h - a scroll of summoning {unknown}
 m - a scroll of amnesia {unknown}
 t - a scroll of fog {unknown}
 u - 4 scrolls of enchant armour {unknown}
 w - 3 scrolls of blinking
 y - a scroll of immolation
Potions
 b - 2 potions of mutation
 c - 3 potions of invisibility
 i - 5 potions of haste
 j - a potion of might
 k - 9 potions of curing
 l - 2 potions of magic
 q - 3 potions of flight
 z - a potion of heal wounds
 A - a potion of brilliance


   Skills:
 + Level 7.4 Fighting
 * Level 11.7 Axes
 - Level 2.0 Throwing
 + Level 5.2 Armour
 + Level 4.9 Dodging
 + Level 3.8 Evocations


You had 8 spell levels left.
You didn't know any spells.
Your spell library was empty.

Dungeon Overview and Level Annotations

Branches:
Dungeon (7/15)             Temple (1/1) D:6           Sewer (visited)
Ossuary (visited)

Altars:
Ashenzari
Cheibriados
Dithmenos
Fedhas
Gozag
Hepliaklqana
Kikubaaqudgha
Qazlal
Ru
Sif Muna
Uskayaw
Wu Jian
Xom
Yredelemnul
Zin
The Shining One

Shops:
D:4 :

Annotations:
D:3 3 runed translucent doors, exclusion: 3 doors, Sensen's ghost, amateur MiFi


Innate Abilities, Weirdness & Mutations

You have a pair of horns on your head.
You reflexively headbutt those who attack you in melee.


Message History

The wight hits you with a +3 trident.
* * * LOW HITPOINT WARNING * * *
You feel drained.
* * * LOW HITPOINT WARNING * * *
You slash the wight! Your headbutt misses the wight.
The wight is almost destroyed.
You closely miss the wight.
The wight is almost destroyed.
The wight hits you with a +3 trident!
* * * LOW HITPOINT WARNING * * *
You slash the wight!
You destroy the wight!
Trog accepts your kill.
Your life force feels restored.
The wight hits you with a +4 flail!
* * * LOW HITPOINT WARNING * * *
You feel drained.
Things that are here:
a +3 trident; a +0 robe You closely miss the wight. x2
You closely miss the wight. Your headbutt misses the wight.
You completely miss the wight. The wight hits you with a +3 flail.
* * * LOW HITPOINT WARNING * * *
The wight hits you with a +4 flail!
* * * LOW HITPOINT WARNING * * *
Unknown command.
You slice the wight!!
You destroy the wight!
Trog accepts your kill.
You hit the wight but do no damage. You hit the wight.
Your life force feels restored.
Unknown command.
You are too berserk!
You slash the wight! You headbutt the wight!
You feel the power of Trog in you as your rage grows.
You destroy the wight!
Trog accepts your kill.
You barely miss the wight.
The wight hits you with a +0 short sword.
You die...

...........##.#
#.########
...........##.# #.#
...........##.# #)#
#.###......##.###.#
..# #......##.....#
.####.......####..#
................).#
################..#
#@)# #zz####
##..##.# ###
#...##.###<#
##........#.#
#.....###.#.#####
##.....###.#.....#
#...#......#####.#
##.#.#.†###### #.#


You could see 2 wights.

Vanquished Creatures
  Grinder (D:6)
  Pargi (Sewer)
  A black bear (D:6)
  2 ice beasts
  4 centaurs
  2 ogres
  2 phantoms (D:4)
  4 bullfrogs (D:7)
  A scorpion (D:7)
  11 wights (D:7)
  9 killer bees
  An orc priest (D:7)
  A jelly (D:6)
  Terence (D:2)
  2 iguanas
  An orc wizard (D:7)
  8 mummies (Ossuary)
  A gnoll (D:2)
  9 adders
  A shadow imp (D:7)
  A white imp (D:6)
  An ufetubus (D:4)
  4 worms
  3 dart slugs
  10 orcs
  8 bats
  10 endoplasms
  3 giant cockroaches
  10 hobgoblins
  4 jackals (D:2)
  5 quokkas
  6 ball pythons
  5 frilled lizards
  5 goblins
  3 hobgoblin zombies (Ossuary)
  4 kobolds
  5 orc zombies (Ossuary)
  7 rats
157 creatures vanquished.

Notes
Turn   | Place    | Note
-------+----------+-------------------------------------------
     0 | D:1      | KamiKatze the Minotaur Berserker began the quest for the
                  | Orb.
     0 | D:1      | Reached XP level 1. HP: 19/19 MP: 0/0
   141 | D:1      | Reached XP level 2. HP: 23/27 MP: 1/1
   175 | D:1      | Reached skill level 4 in Axes
   271 | D:1      | Noticed an eye of devastation
   273 | D:1      | Found a faded altar of an unknown god.
   275 | D:1      | Noticed a great orb of eyes
   278 | D:1      | Noticed a shining eye
   278 | D:1      | Noticed a shining eye
   469 | D:1      | Reached ** piety under Trog
   643 | D:2      | Reached XP level 3. HP: 14/33 MP: 2/2
   735 | D:2      | Found a sacrificial altar of Ru.
   777 | D:2      | Noticed Terence
   781 | D:2      | Killed Terence
   782 | D:2      | Reached skill level 1 in Throwing
   850 | D:2      | Reached XP level 4. HP: 40/40 MP: 3/3
   987 | D:2      | Reached skill level 1 in Evocations
  1863 | D:3      | Reached skill level 5 in Axes
  1988 | D:3      | Found a runed translucent gate.
  1988 | D:3      | Found a runed translucent gate.
  1988 | D:3      | Found an opulent altar of Gozag.
  1989 | D:3      | Found a runed translucent gate.
  1990 | D:3      | Noticed Sensen's ghost (amateur MiFi)
  2032 | D:3      | Found a hide-covered altar of Uskayaw.
  2123 | D:4      | Noticed a centaur
  2129 | D:4      | Reached XP level 5. HP: 38/46 MP: 4/4
  2130 | D:4      | Killed a centaur
  2168 | D:4      | Found a glowing drain.
  2179 | D:4      | Noticed an ogre
  2185 | D:4      | Killed an ogre
  2186 | D:4      | Reached skill level 6 in Axes
  2186 | D:4      | Reached XP level 6. HP: 35/53 MP: 5/5
  2215 | Sewer    | Entered a sewer
  2341 | Sewer    | Noticed Pargi
  2349 | Sewer    | Killed Pargi
  2350 | Sewer    | Reached skill level 5 in Fighting
  2445 | D:4      | Reached skill level 7 in Axes
  2519 | D:4      | Reached XP level 7. HP: 61/61 MP: 6/6
  2605 | D:4      | Reached *** piety under Trog
  2620 | D:4      | Reached skill level 8 in Axes
  2776 | D:4      | Found Ulluyg's Book Boutique.
  2954 | D:5      | Entered Level 5 of the Dungeon
  3133 | D:5      | Reached skill level 9 in Axes
  3454 | D:6      | Found a staircase to the Ecumenical Temple.
  3459 | D:6      | Noticed Grinder
  3473 | D:6      | Found a sand-covered staircase.
  3480 | Ossuary  | Entered an ossuary
  3503 | Ossuary  | Reached XP level 8. HP: 69/70 MP: 7/7
  3695 | D:6      | Killed Grinder
  3696 | D:6      | Reached skill level 10 in Axes
  3716 | Temple   | Entered the Ecumenical Temple
  4312 | D:7      | Reached XP level 9. HP: 70/78 MP: 8/8
  4318 | D:7      | Reached skill level 11 in Axes
  4788 | D:7      | Reached skill level 5 in Armour
  4929 | D:7      | HP: 2/115 [wight/+4 flail (10)]
  4931 | D:7      | Slain by a wight

Illustrated notes

Levels and vault maps discovered:
D:1:      dpeg_arrival_rhombi, layout_basic,
          hellmonk_ecumenical_altar_watching_god
D:2:      layout_basic, basic_altar, minmay_hexomino_c4, uniq_terence
D:3:      layout_loops_cross, nicolae_uskayaw_suspiria, ebering_ghost_gozag
D:4:      layout_rooms, portal_sewer_entry_a, serial_shops, shop
D:5:      layout_rooms
D:6:      layout_rooms, minmay_temple_entry_butterflies,
          chequers_ossuary_entry_cave, uniq_grinder
D:7:      minmay_the_grid_triangle_9x9_recursive_2
          [minmay_the_grid_triangle_9x9_prize_special,
          minmay_the_grid_triangle_9x9_sparse_checkered,
          minmay_the_grid_triangle_9x9_impossible_snake,
          minmay_the_grid_triangle_9x9_sprig], layout_basic
Temple:   hellmonk_temple_of_storms

Skill      XL: |  1  2  3  4  5  6  7  8  9 |
---------------+----------------------------+-----
Axes           | 4 5 6 7 9 10 11 | 11.7
Throwing       | 1 2 |  2.0
Fighting       | 4 5 6 7 |  7.4
Armour         | 3 4 5 |  5.2
Evocations     | 1 2 3 |  3.8
Dodging        | 3 4 |  4.9

Action                   |  1- 3 |  4- 6 |  7- 9 || total
-------------------------+-------+-------+-------++-------
Melee: Hand axe          |    74 |   109 |   227 ||   410
       Headbutt          |     8 |    15 |    46 ||    69
       Punch             |     1 |       |     2 ||     3
Throw: Dart              |       |       |     2 ||     2
Invok: Berserk           |     1 |     3 |     4 ||     8
       Trog's Hand       |       |       |     4 ||     4
  Use: Scroll            |       |     5 |    11 ||    16
       Potion            |       |       |     1 ||     1
Armor: Animal skin       |     3 |       |       ||     3
       Ring mail         |    17 |    19 |       ||    36
       Scale mail        |       |    26 |    88 ||   114
       Skin              |       |     1 |       ||     1
Dodge: Dodged            |    45 |    63 |   125 ||   233
